 Dungeon Crawl Stone Soup version 0.30-a0-867-g305f33218d (webtiles) character file.

Game seed: 2045720667616781019

188 Darkkill the Shooter (level 5, -8/46 HPs)
             Began as a Minotaur Hunter on Mar 10, 2023.
             Mangled by a gnoll
             ... wielding a +0 halberd
              (9 damage)
             ... on level 3 of the Dungeon.
             The game lasted 00:03:13 (1230 turns).

Darkkill the Shooter (Minotaur Hunter)              Turns: 1230, Time: 00:03:14

Health: -8/46      AC:  5    Str: 16    XL:     5   Next: 39%
Magic:  4/4        EV: 13    Int:  6    God:
Gold:   65         SH:  0    Dex: 15    Spells: 4/4 levels left

rFire   . . .      SeeInvis .    a - +1 shortbow
rCold   . . .      Faith    .    (shield currently unavailable)
rNeg    . . .      Spirit   .    c - +0 leather armour
rPois   .          Reflect  .    (helmet restricted)
rElec   .          Rampage  .    (no cloak)
rCorr   .                        k - +1 pair of gloves
Will    .....                    (no boots)
Stlth   ++                       (no amulet)
HPRegen 0.27/turn                (no ring)
MPRegen 0.09/turn                (no ring)

@: no status effects
A: horns 2, retaliatory headbutt
a: no special abilities


You were on level 3 of the Dungeon.
You visited 1 branch of the dungeon, and saw 3 of its levels.

You collected 65 gold pieces.

Inventory:

Hand Weapons
 a - a +1 shortbow (weapon)
Missiles
 d - 19 stones
 j - 3 poisoned darts
Armour
 c - a +0 leather armour (worn)
 k - a +1 pair of gloves (worn)
Scrolls
 b - a scroll of immolation
 f - a scroll of magic mapping
Potions
 e - a potion of heal wounds {unknown}
 g - a potion of lignification {unknown}
 h - a potion of degeneration {unknown}
 n - 2 potions of might
 o - a potion of haste {unknown}
 p - a potion of attraction {unknown}


   Skills:
 + Level 4.0 Fighting
 + Level 5.3 Ranged Weapons
 + Level 3.6 Dodging
 + Level 2.3 Stealth


You had 4 spell levels left.
You didn't know any spells.
Your spell library contained the following spells:

 Spells                   Type           Power      Damage    Failure   Level
 Cigotuvi's Dreadful Rot  Necr/Pois/Air  0%         N/A       67%         2
 Poisonous Vapours        Pois/Air       0%         N/A       67%         2
 Mephitic Cloud           Conj/Pois/Air  0%         N/A       88%         3


Dungeon Overview and Level Annotations

Branches:
Dungeon (3/15)

Altars:
Ashenzari


Innate Abilities, Weirdness & Mutations

You have a pair of horns on your head.
You reflexively headbutt those who attack you in melee.


Message History

An adder comes into view.
You shoot an arrow. The arrow hits the adder.
The adder is lightly wounded.
An adder is nearby!
You shoot an arrow. The arrow hits the adder!
The adder is almost dead.
You shoot an arrow. The arrow hits the adder.
You kill the adder!
You feel your willpower return.
Found a stone staircase leading up.
No target in view!
Found a stone staircase leading up.
No target in view!
You now have 52 gold pieces (gained 6).
You now have 65 gold pieces (gained 13).
A gnoll comes into view.
It is wielding a +0 flail and quivering poisoned darts.
The gnoll moves out of view.
No target in view!
A gnoll is nearby!
You shoot an arrow. The gnoll shouts!
The arrow hits the gnoll.
The gnoll is heavily wounded.
You hear a shout!
A gnoll comes into view. It is wielding a +0 sling.
There are monsters nearby!
You shoot an arrow. The arrow hits the gnoll.
The gnoll is almost dead.
The gnoll shoots a sling bullet.
The sling bullet barely misses you.
The gnoll throws a poisoned dart.
The poisoned dart hits you!
You are poisoned.
You shoot an arrow. The arrow hits the gnoll.
You kill the gnoll!
You feel very sick.
The gnoll shoots a sling bullet.
The sling bullet hits you!
The gnoll shoots a sling bullet.
The sling bullet barely misses you.
You shoot an arrow.
The arrow hits the gnoll but does no damage.
You feel sick.
You hear a shout!
The gnoll shoots a sling bullet.
The sling bullet hits you.
A gnoll comes into view. It is wielding a +0 halberd.
A gnoll comes into view.
It is wielding a +1 halberd of distortion.
Okay, then.
You feel sick.
You feel sick.
There are no items here.
Fire: a) +1 shortbow
Press: ? - help, Q - select action, (/) - cycle Shift-Dir - straight line, f - gnoll
Aim: a gnoll, wielding a +1 halberd of distortion (66% to hit)
You shoot an arrow. The arrow hits the gnoll.
The gnoll is moderately wounded.
You feel sick.
Fire: a) +1 shortbow
Press: ? - help, Q - select action, (/) - cycle Shift-Dir - straight line, f/p - gnoll
Aim: a gnoll, wielding a +1 halberd of distortion (moderately wounded, 66% to hit)
You shoot an arrow. The arrow hits the gnoll.
The gnoll is heavily wounded.
You feel sick. The gnoll barely misses you.
The gnoll hits you from afar with a +1 halberd of distortion!
* * * LOW HITPOINT WARNING * * *
Space warps around you.
* * * LOW HITPOINT WARNING * * *
Fire: a) +1 shortbow
Press: ? - help, Q - select action, (/) - cycle Shift-Dir - straight line, f/p - gnoll
Aim: a gnoll, wielding a +1 halberd of distortion (heavily wounded, 66% to hit)
You shoot an arrow. The arrow hits the gnoll.
The gnoll is severely wounded.
You feel sick.
You are no longer poisoned.
Unknown command.
Fire: a) +1 shortbow
Press: ? - help, Q - select action, (/) - cycle Shift-Dir - straight line, f/p - gnoll
Aim: a gnoll, wielding a +1 halberd of distortion (severely wounded, 66% to hit)
You shoot an arrow. The arrow barely misses the gnoll.
The arrow hits the gnoll.
You kill the gnoll!
Your Fighting skill increases to level 4!
Fire: a) +1 shortbow
Press: ? - help, Q - select action, (/) - cycle Shift-Dir - straight line, f - gnoll
Aim: a gnoll, wielding a +0 sling (68% to hit)
You shoot an arrow. The arrow closely misses the gnoll.
The arrow hits the gnoll but does no damage.
The gnoll shoots a sling bullet.
The sling bullet hits you.
* * * LOW HITPOINT WARNING * * *
Fire: a) +1 shortbow
Press: ? - help, Q - select action, (/) - cycle Shift-Dir - straight line, f/p - gnoll
Aim: a gnoll, wielding a +0 sling (68% to hit)
You shoot an arrow. The arrow hits the gnoll.
The gnoll is moderately wounded.
The gnoll barely misses you.
The gnoll unwields a +0 sling.
The gnoll wields a +0 spear.
The gnoll barely misses you.
Fire: a) +1 shortbow
Press: ? - help, Q - select action, (/) - cycle Shift-Dir - straight line, f/p - gnoll
Aim: a gnoll, wielding a +0 spear (moderately wounded, 68% to hit)
You shoot an arrow. The arrow barely misses the gnoll.
The arrow hits the gnoll.
The gnoll is moderately wounded.
The gnoll hits you from afar with a +0 halberd!
You die...

#...........
###.#.......
#..####.#
##.##..
#.##.#
#.##.#
#.##.#
#.##.###
#..@gg)#
#..###.#
#..# ..)
##.# .##..
#.. .# ...
###. .g .. #
## .


You could see 2 gnolls.

Vanquished Creatures
  A scorpion (D:2)
  A hound (D:3)
  6 adders
  2 gnolls (D:3)
  A worm (D:2)
  A dart slug (D:2)
  2 endoplasms
  2 goblins
  A hobgoblin (D:2)
  4 jackals (D:2)
  2 quokkas (D:2)
  A ball python (D:2)
  A bat (D:1)
  2 kobolds (D:2)
27 creatures vanquished.

Notes
Turn   | Place    | Note
-------+----------+-------------------------------------------
     0 | D:1      | Darkkill the Minotaur Hunter began the quest for the Orb.
     0 | D:1      | Reached XP level 1. HP: 18/18 MP: 0/0
    49 | D:1      | You fall into a shaft and drop 1 floor!
    60 | D:2      | Reached skill level 1 in Stealth
    71 | D:2      | Reached XP level 2. HP: 16/25 MP: 1/1
   136 | D:2      | Reached XP level 3. HP: 23/31 MP: 2/2
   219 | D:2      | Found a broken altar of Ashenzari.
   318 | D:2      | Noticed a scorpion
   322 | D:2      | Killed a scorpion
   323 | D:2      | Reached skill level 5 in Ranged Weapons
   323 | D:2      | Reached XP level 4. HP: 38/38 MP: 3/3
  1140 | D:3      | Reached XP level 5. HP: 46/46 MP: 4/4
  1225 | D:3      | HP: 6/46 [gnoll/+1 halberd of distortion (6)]
  1228 | D:3      | HP: 1/46 [gnoll/sling bullet (5)]
  1230 | D:3      | Mangled by a gnoll

Illustrated notes

Levels and vault maps discovered:
D:1:      elethiomel_arrival_shortcut, layout_basic, interstate_on_off
D:2:      layout_basic, basic_altar, chequers_serial_rivers_large_b
D:3:      layout_loops_ring, grunt_temple_overflow_open

Skill      XL: |  1  2  3  4  5 |
---------------+----------------+-----
Stealth        | 1 2 |  2.3
Fighting       | 3 4 |  4.0
Ranged Weapons | 5 |  5.3
Dodging        | 3 |  3.6

Action                     |  1- 3 |  4- 6 || total
---------------------------+-------+-------++-------
   Fire: Shortbow          |    33 |    48 ||    81
    Use: Scroll            |       |     7 ||     7
 Armour: Leather armour    |     9 |     2 ||    11
  Dodge: Dodged            |    25 |    11 ||    36

Table legend: (Time is in decaauts)
 A = Elapsed time spent in this place.
 B = Non-inter-level travel time spent in this place.
 C = Inter-level travel time spent in this place.
 D = Time resting spent in this place.
 E = Time spent auto-exploring this place.
 F = Levels seen in this place.
 G = Mean time per level.
                   A        B        C        D        E       F      G
               +--------+--------+--------+--------+--------+-----+--------+
         Total |   1280 |   1247 |     33 |      0 |   1064 |   3 |  426.7 |
       Dungeon |   1280 |   1247 |     33 |      0 |   1064 |   3 |  426.7 |
               +--------+--------+--------+--------+--------+-----+--------+

Top non-repeatable levels by time:
     D:2: 1128 daAuts
     D:3: 101 daAuts
     D:1: 50 daAuts

Table legend:
 A = Kills in this place as a percentage of kills in the entire game.
 B = Kills by you in this place as a percentage of kills by you in the entire game.
 C = Kills by friends in this place as a percentage of kills by friends in the entire game.
 D = Other kills in this place as a percentage of other kills in the entire game.
 E = Experience gained in this place as a percentage of experience gained in the entire game.
 F = Experience gained in this place divided by the number of levels of this place that you have seen.
                   A       B       C       D       E      F
               +-------+-------+-------+-------+-------+----------------------
         Total | 100.0 | 100.0 |   N/A |   N/A | 100.0 |  89.7
       Dungeon | 100.0 | 100.0 |   N/A |   N/A | 100.0 |  89.7
               +-------+-------+-------+-------+-------+----------------------
